 Dungeon Crawl Stone Soup version 0.29.1-12-g30fa7ad0bf (webtiles) character file.

Game seed: 6309248578059603950

14 H0rd4k the Charlatan (level 2, 0/19 HPs)
             Began as an Octopode Artificer on Dec 22, 2022.
             Slain by a kobold
             ... wielding a +0 whip
              (2 damage)
             ... on level 1 of the Dungeon.
             The game lasted 00:00:43 (311 turns).

H0rd4k the Charlatan (Octopode Artificer)            Turns: 311, Time: 00:00:43

Health: 0/19       AC:  1    Str: 11    XL:     2   Next: 41%
Magic:  3/3        EV: 13    Int: 13    God:
Gold:   0          SH:  0    Dex: 12    Spells: 3/3 levels left

rFire   . . .      SeeInvis .   (no weapon)
rCold   . . .      Faith    .   (no shield)
rNeg    . . .      Spirit   .   (helmet restricted)
rPois   .          Reflect  .   (no amulet)
rElec   .          Harm     .   (no ring)
rCorr   .          Rampage  .   (no ring)
Will    .....                   (no ring)
Stlth   +++.......              (no ring)
HPRegen 0.06/turn               (no ring)
MPRegen 0.08/turn               (no ring)
                                (no ring)
                                (no ring)

@: no status effects
A: almost no armour, amphibious, 8 rings, camouflage 1, gelatinous body 1,
(nimble swimmer 1), tentacles
a: no special abilities


You were on level 1 of the Dungeon.
You visited 1 branch of the dungeon, and saw 1 of its levels.

Inventory:

Wands
 b - a wand of flame (10) (quivered)
 c - a wand of charming (14)
 d - a wand of iceblast (4)
Scrolls
 a - a scroll of teleportation {unknown}


   Skills:
 * Level 1.6 Fighting
 - Level 2.3 Dodging
 - Level 1.3 Stealth
 * Level 1.2 Spellcasting
 - Level 3.2 Evocations


You had 3 spell levels left.
You didn't know any spells.
Your spell library was empty.

Dungeon Overview and Level Annotations

Branches:
Dungeon (1/15)

Altars:


Innate Abilities, Weirdness & Mutations

You cannot wear most types of armour.
You are amphibious.
You can wear up to eight rings at the same time.
Your skin changes colour to match your surroundings (Stealth+).
Your rubbery body absorbs attacks. (AC +1, EV +1)
((You are camouflaged when in or above water. (Stealth+)))
You have tentacles for arms and can constrict up to eight enemies at once.


Message History

No target in view!
No target in view!
No target in view!
No target in view!
No target in view!
A hobgoblin and a rat come into view.
There are monsters nearby!
A kobold comes into view. It is wielding a +0 whip.
There are monsters nearby!
The kobold shouts!
The rat bites you.
There are monsters nearby!
The hobgoblin shouts!
You tentacle-slap the rat but do no damage.
Your grab misses the rat.
You hear an angry hiss.
The rat closely misses you.
You closely miss the rat. You grab the rat. You constrict the rat.
The rat bites you.
You tentacle-slap the rat. You squeeze the rat.
You kill the rat!
A frilled lizard comes into view.
The hobgoblin closely misses you. The kobold hits you with a +0 whip.
You see here a rat corpse.
You barely miss the hobgoblin. You grab the hobgoblin.
You constrict the hobgoblin, but do no damage.
The hobgoblin hits you. The kobold hits you with a +0 whip.
You are too injured to fight recklessly!
You are too injured to fight recklessly!
You release your grip on the hobgoblin.
The hobgoblin attacks as you move away! The hobgoblin misses you.
The kobold attacks as you move away! The kobold barely misses you.
The kobold attacks as you move away! The kobold misses you.
The hobgoblin attacks as you move away! The hobgoblin hits you.
* * * LOW HITPOINT WARNING * * *
The kobold attacks as you move away! The kobold barely misses you.
The kobold attacks as you move away! The kobold hits you with a +0 whip.
* * * LOW HITPOINT WARNING * * *
The kobold attacks as you move away! The kobold hits you with a +0 whip.
You die...

#.#.P#~#P...# #.#..P.P...
####.#........ #######
.........#...# #.....# .
............########.....##..
...)........................
######.######.####.......####
###..#####..#..K...l.......
###...##........@g...†...#
[..........†.#######.....#
......######## #.....#
......# ####### #######


You could see a hobgoblin, a kobold and a frilled lizard.

Vanquished Creatures
  An endoplasm (D:1)
  2 giant cockroaches (D:1)
  A goblin (D:1)
  2 hobgoblins (D:1)
  2 jackals (D:1)
  A kobold (D:1)
  2 rats (D:1)
11 creatures vanquished.

Vanquished Creatures (others)
  A giant cockroach (D:1)
  3 plants (D:1)
4 creatures vanquished.

Grand Total: 15 creatures vanquished

Notes
Turn   | Place    | Note
-------+----------+-------------------------------------------
     0 | D:1      | H0rd4k the Octopode Artificer began the quest for the Orb.
     0 | D:1      | Reached XP level 1. HP: 13/13 MP: 1/1
     7 | D:1      | Found a faded altar of an unknown god.
    37 | D:1      | Reached skill level 1 in Spellcasting
    37 | D:1      | Reached XP level 2. HP: 3/18 MP: 3/3
   311 | D:1      | Slain by a kobold

Illustrated notes

Levels and vault maps discovered:
D:1:      eino_arrival_water_cross, layout_rooms, ebering_ecumenical_altar_mist

Skill      XL: |  1 |
---------------+----+-----
Spellcasting   | 1 |  1.2
Fighting       | |  1.6
Dodging        | |  2.3
Stealth        | |  1.3
Evocations     | |  3.2

Action                   || total
-------------------------++-------
Melee: Unarmed           ||    10
       Constrict         ||     5
       Tentacles         ||     4
Evoke: Wand              ||     7
 Stab: Sleeping          ||     1
Armor: Skin              ||     1
Dodge: Dodged            ||    15
